AoeStats
← GrosseZampano

Hill Fort

505445652Analyzed
3v3 RM · 21d ago on Sep 9, 2026· 55m 57s· 6 players
Game mode
Random Map
Map size
Normal (6 player)
Population
200
Speed
Normal
Resources
Standard
Victory
Conquest
Starting age
Dark Age
Ending age
Imperial Age
RankedLock teamsTeams togetherTeam positionsShared explorationLock speedFull tech treeHidden civsTurbo modeCheats
Victory
Defeat
🇷🇺 Romans · Russia
613
+11
🇷🇺 Huns · Russia
592
+12
🇷🇺 Britons · Russia
575
+13
🇬🇧 Italians · United Kingdom
530
-13
🇨🇳 Chinese · China
508
-12
🇺🇸 Inca · United States
490
-11
deano earlhs
12:23 Feudal Age
13:44 Wheelbarrow
12:55 Horse Collar
13:12 Double-Bit Axe
16:14 Gold Mining
16:15 Stone Mining
22:48 Castle Age
21:51 Padded Archer Armor
21:42 Fletching
24:02 Bow Saw
24:23 Leather Archer Armor
24:04 Bodkin Arrow
27:33 Hand Cart
27:05 Treadmill Crane
27:46 Ballistics
30:19 Stone Shaft Mining
31:01 Heated Shot
33:16 Silk Road
34:25 Caravan
38:55 Imperial Age
932618016
1:14 Loom
12:55 Feudal Age
13:37 Double-Bit Axe
13:46 Gold Mining
15:41 Horse Collar
15:55 Stone Mining
21:36 Wheelbarrow
20:46 Town Watch
25:41 Castle Age
27:20 Arson
27:36 Squires
26:57 Pikeman
27:12 Crossbowman
31:17 Gold Shaft Mining
31:18 Stone Shaft Mining
30:46 Heavy Plow
31:00 Bow Saw
31:00 Thumb Ring
33:58 Hand Cart
33:44 Town Patrol
35:02 Padded Archer Armor
35:03 Scale Mail Armor
35:14 Forging
34:54 Fletching
43:19 Imperial Age
45:00 Leather Archer Armor
45:01 Chain Mail Armor
45:21 Iron Casting
44:42 Bodkin Arrow
45:03 Masonry
45:54 Chemistry
45:06 Fortified Wall
45:36 Conscription
46:16 Elite Chu Ko Nu
SKY_RL
11:04 Feudal Age
12:39 Horse Collar
12:46 Double-Bit Axe
13:14 Loom
17:19 Gold Mining
19:41 Wheelbarrow
19:43 Champi Runner
20:49 Scale Mail Armor
27:13 Castle Age
26:15 Town Watch
27:28 Padded Archer Armor
27:43 Champi Warrior
29:34 Hand Cart
30:39 Leather Archer Armor
32:26 Chain Mail Armor
32:02 Fletching
32:27 Crossbowman
33:10 Squires
36:06 Thumb Ring
37:11 Bodkin Arrow
37:23 Pikeman
43:38 Imperial Age
42:54 Ballistics
43:59 Elite Champi Warrior
44:02 Arbalester
47:15 Plate Mail Armor
49:17 Ring Archer Armor
48:52 Bracer
GrosseZampano
3:04 Loom
10:02 Feudal Age
11:20 Double-Bit Axe
12:39 Horse Collar
18:55 Gold Mining
18:58 Stone Mining
23:39 Castle Age
21:50 Fletching
22:01 Padded Archer Armor
25:20 Wheelbarrow
25:01 Bow Saw
24:51 Bodkin Arrow
25:12 Leather Archer Armor
27:10 Heavy Plow
29:25 Ballistics
28:30 Crossbowman
30:55 Hand Cart
32:48 Gold Shaft Mining
32:19 Caravan
32:19 Pikeman
35:47 Arson
36:03 Squires
38:48 Imperial Age
36:29 Gambesons
37:16 Forging
37:58 Yeomen
39:12 Arbalester
42:22 Ring Archer Armor
44:10 Halberdier
45:39 Bracer
46:14 Iron Casting
45:40 Scale Mail Armor
46:32 Conscription
52:00 Elite Longbowman
54:12 Chain Mail Armor
55:09 Blast Furnace
Dragon Tein
12:19 Feudal Age
14:08 Horse Collar
14:35 Double-Bit Axe
21:48 Castle Age
19:55 Stone Mining
21:57 Wheelbarrow
24:49 Hand Cart
27:29 Scale Barding Armor
27:36 Forging
29:51 Loom
30:42 Chain Barding Armor
30:58 Iron Casting
30:49 Gold Mining
31:44 Marauders
33:40 Caravan
34:10 Coinage
37:54 Gold Shaft Mining
40:06 Imperial Age
41:54 Plate Barding Armor
42:20 Blast Furnace
42:00 Banking
41:41 Guilds
43:30 Bow Saw
43:55 Husbandry
44:07 Bloodlines
43:32 Cavalier
44:10 Elite Tarkan
46:20 Atheism
46:22 Conscription
47:05 Conscription
46:14 Paladin
49:19 Two-Man Saw
49:38 Squires
49:23 Arson
54:19 Heavy Plow
Mihan0id
6:17 Loom
13:32 Feudal Age
14:11 Town Watch
15:05 Wheelbarrow
14:20 Double-Bit Axe
14:41 Horse Collar
16:55 Gold Mining
18:56 Stone Mining
19:24 Scale Mail Armor
19:02 Man-at-Arms
20:18 Forging
23:56 Padded Archer Armor
26:28 Castle Age
24:53 Fletching
27:36 Squires
26:58 Long Swordsman
28:39 Town Patrol
28:58 Chain Mail Armor
30:06 Gold Shaft Mining
30:31 Ballistas
33:20 Leather Archer Armor
36:59 Heavy Plow
43:21 Imperial Age
41:08 Hand Cart
41:07 Bow Saw
41:35 Iron Casting
42:13 Murder Holes
43:29 Bodkin Arrow
44:05 Ballistics
43:36 Guard Tower
43:56 Fortified Wall
43:59 Masonry
43:38 Elite Centurion
45:33 Crop Rotation
46:10 Blast Furnace
45:06 Guard Tower
47:06 Heavy Scorpion
48:11 Conscription
47:22 Sappers
48:18 Comitatenses
47:58 Legionary
49:12 Comitatenses
50:30 Chemistry
Connection lost

Rejoining the realm…

Still unreachable

The connection could not be restored.

Session expired

The server has moved on; the page needs a fresh start.